 Dungeon Crawl Stone Soup version 0.30.1-3-gfc49f6343a (webtiles) character file.

Game seed: 17443029519917230236

46 jtron the Vexing (level 3, -7/30 (35) HPs)
             Began as a Gnoll Wanderer on Aug 8, 2023.
             Killed by divine providence
             ... invoked by an orc priest
              (12 damage)
             ... on level 2 of the Dungeon.
             The game lasted 00:03:53 (1341 turns).

jtron the Vexing (Gnoll Wanderer)                   Turns: 1341, Time: 00:03:53

HP:   -7/30 (35)    AC:  8    Str: 13    XL:     3   Next: 68%
MP:   6/7           EV:  9    Int: 13    God:
Gold: 155           SH:  0    Dex:  9    Spells: 6/7 levels left

rFire   . . .        a - +0 dagger
rCold   . . .        (no shield)
rNeg    . . .        b - +0 scale mail
rPois   .            (no helmet)
rElec   .            h - +0 cloak
rCorr   .            (no gloves)
SInv    .            (no boots)
Will    .....        (no amulet) Stlth
                     (no ring)
HPRegen 0.25/turn    (no ring)
MPRegen 0.10/turn

%: no passive effects
@: attractive, heavily drained
A: fangs 1, strong nose, distributed training
a: no special abilities


You were on level 2 of the Dungeon.
You visited 1 branch of the dungeon, and saw 2 of its levels.

You collected 155 gold pieces.

Inventory:

Hand Weapons
 a - a +0 dagger (weapon)
 j - a +0 club
Armour
 b - a +0 scale mail (worn)
 f - a scarf of harm
 h - a +0 cloak (worn)
Scrolls
 c - a scroll of blinking
 d - a scroll of fog
Potions
 g - a potion of mutation
 i - a potion of might


   Skills:
 + Level 6.5 Fighting
 + Level 1.0 Short Blades
 + Level 1.0 Long Blades
 + Level 1.0 Axes
 + Level 1.0 Maces & Flails
 + Level 1.0 Polearms
 + Level 1.0 Staves
 + Level 1.0 Ranged Weapons
 + Level 1.0 Throwing
 + Level 4.6 Armour
 + Level 1.0 Dodging
 + Level 1.0 Stealth
 + Level 1.0 Shields
 + Level 1.0 Unarmed Combat
 + Level 2.9 Spellcasting
 + Level 0.7 Conjurations
 + Level 7.1 Hexes
 + Level 0.7 Summonings
 + Level 0.7 Necromancy
 + Level 0.7 Translocations
 + Level 0.7 Transmutations
 + Level 0.7 Fire Magic
 + Level 0.7 Ice Magic
 + Level 0.7 Air Magic
 + Level 0.7 Earth Magic
 + Level 0.7 Poison Magic
 + Level 1.0 Invocations
 + Level 1.0 Evocations


You had 6 spell levels left.
You knew the following spells:

 Your Spells              Type           Power      Damage    Failure   Level
a - Slow                  Hex            80%        N/A       5%          1

Your spell library contained the following spells:

 Spells                   Type           Power      Damage    Failure   Level
 Cause Fear               Hex            10%        N/A       45%         4
 Dazzling Flash           Conj/Hex       24%        N/A       52%         3


Dungeon Overview and Level Annotations

Branches:
Dungeon (2/15)

Altars:


Innate Abilities, Weirdness & Mutations

You have very sharp teeth.
Your uncanny sense of smell can sniff out nearby items.
Your experience applies equally to all skills.


Message History

Confirm with . or Enter, or press ? or * to list all spells.
Okay, then.
Casting: Slow (safe; 5% risk of failure)
Confirm with . or Enter, or press ? or * to list all spells.
Aiming: Slow (safe; 5% risk of failure)
Press: ? - help, Shift-Dir - straight line, f/p - orc priest
Aim: an orc priest, wielding a +0 trident (chance to affect: 52%)
The orc wizard seems to slow down.
The orc priest hits you but does no damage.
The orc wizard hits you but does no damage.
You feel drained.
You hit the orc wizard but do no damage.
Your bite misses the orc wizard.
The orc priest hits you from afar with a +0 trident.
The orc wizard barely misses you.
You barely miss the orc wizard.
The orc priest hits you from afar with a +0 trident.
You hit the orc wizard.
The orc wizard is lightly wounded.
The orc priest calls upon Beogh to heal the orc wizard.
The orc wizard's wounds heal themselves!
The orc wizard hits you with a +0 dagger of draining.
You feel drained.
You hear a shout!
Okay, then.
You closely miss the orc wizard.
The orc priest casts a cantrip, but nothing happens.
You closely miss the orc wizard.
The orc priest hits you but does no damage.
An orc comes into view. It is wielding a +0 club.
The orc wizard barely misses you. The orc is attracted toward you.
You hit the orc wizard but do no damage.
Your bite misses the orc wizard.
The orc priest hits you from afar with a +0 trident.
* * * LOW HITPOINT WARNING * * *
You hit the orc wizard.
The orc wizard is lightly wounded.
The orc priest calls down the wrath of Beogh upon you.
Beogh smites you!
You die...

∆
##################
..#........@ooo).#
#.
#.#.############§#
#. ∆ #(#.#......
.# ###.
#.#........ .. ∆
... #...#.#..#.
.## #. #.#...#.# #
.# #. #.....# # .#
#. #...#.# .# ##.
#.#.#.# ∆ ......


You could see an orc priest, an orc wizard (slow) and an orc.

Vanquished Creatures
  7 bats
  5 endoplasms
  A giant cockroach (D:1)
  4 goblins
  6 hobgoblins
  6 jackals
  5 kobolds
  A quokka (D:1)
  2 ball pythons
  A frilled lizard (D:2)
38 creatures vanquished.

Notes
Turn   | Place    | Note
-------+----------+-------------------------------------------
     0 | D:1      | jtron the Gnoll Wanderer began the quest for the Orb.
     0 | D:1      | jtron set off with the following items: a +0 club, a +0
                  | scale mail, a scroll of blinking, a scroll of fog; and the
                  | following spell memorised: Slow; and the following spells
                  | available to memorise: Cause Fear, Dazzling Flash.
     0 | D:1      | Reached XP level 1. HP: 23/23 MP: 4/4
    54 | D:1      | Found a faded altar of an unknown god.
   139 | D:1      | Reached XP level 2. HP: 29/29 MP: 3/5
   543 | D:1      | Reached XP level 3. HP: 35/35 MP: 7/7
   999 | D:2      | Reached skill level 1 in Invocations
  1208 | D:2      | Reached skill level 1 in Short Blades
  1208 | D:2      | Reached skill level 1 in Long Blades
  1208 | D:2      | Reached skill level 1 in Axes
  1208 | D:2      | Reached skill level 1 in Maces & Flails
  1208 | D:2      | Reached skill level 1 in Polearms
  1208 | D:2      | Reached skill level 1 in Staves
  1208 | D:2      | Reached skill level 1 in Ranged Weapons
  1208 | D:2      | Reached skill level 1 in Throwing
  1208 | D:2      | Reached skill level 1 in Dodging
  1208 | D:2      | Reached skill level 1 in Stealth
  1208 | D:2      | Reached skill level 1 in Shields
  1208 | D:2      | Reached skill level 1 in Unarmed Combat
  1208 | D:2      | Reached skill level 1 in Evocations
  1341 | D:2      | Killed from afar by an orc priest

Illustrated notes

Levels and vault maps discovered:
D:1:      heliophobic_arrival_battle_scene, layout_loops_ring,
          hellmonk_ecumenical_altar_lost_god, st_stairs_8, minmay_misc_feat_rows
D:2:      layout_basic, roderic_filled_cross, uniq_sigmund

Skill      XL: |  1  2  3 |
---------------+----------+-----
Invocations    | 1 |  1.0
Short Blades   | 1 |  1.0
Long Blades    | 1 |  1.0
Axes           | 1 |  1.0
Maces & Flails | 1 |  1.0
Polearms       | 1 |  1.0
Staves         | 1 |  1.0
Ranged Weapons | 1 |  1.0
Throwing       | 1 |  1.0
Dodging        | 1 |  1.0
Stealth        | 1 |  1.0
Shields        | 1 |  1.0
Unarmed Combat | 1 |  1.0
Evocations     | 1 |  1.0
Fighting       | |  6.5
Armour         | |  4.6
Spellcasting   | |  2.9
Conjurations   | |  0.7
Hexes          | |  7.1
Summonings     | |  0.7
Necromancy     | |  0.7
Translocations | |  0.7
Transmutations | |  0.7
Fire Magic     | |  0.7
Ice Magic      | |  0.7
Air Magic      | |  0.7
Earth Magic    | |  0.7
Poison Magic   | |  0.7

Action                     || total
---------------------------++-------
  Melee: Club              ||   107
         Bite              ||    33
         Dagger            ||   154
         Punch             ||     3
   Cast: Slow              ||    26
    Use: Scroll            ||     3
         Potion            ||     2
 Armour: Scale mail        ||   143
  Dodge: Dodged            ||   161
